 Dungeon Crawl Stone Soup version 0.28.0-43-g3370ac3207 (webtiles) character file.

Game seed: 7911603870506396658

21 sizableburger the Skirmisher (level 2, -5/24 HPs)
             Began as a Mummy Abyssal Knight on Mar 10, 2022.
             Was a Follower of Lugonu.
             Slain by a hobgoblin
             ... wielding a +0 mace
              (6 damage)
             ... on level 1 of the Dungeon.
             The game lasted 00:01:25 (1368 turns).

sizableburger the Skirmisher (Mummy Abyssal Knight) Turns: 1368, Time: 00:01:26

Health: -5/24      AC:  3    Str: 16    XL:     2   Next: 62%
Magic:  3/3        EV: 11    Int:  9    God:    Lugonu [*.....]
Gold:   74         SH:  0    Dex: 12    Spells: 1/1 levels left

rFire   x . .      SeeInvis .   a - +1 mace
rCold   + . .      Faith    .   (no shield)
rNeg    + + +      Spirit   .   b - +0 leather armour
rPois   ∞          Reflect  .   (no helmet)
rElec   .          Harm     .   (no cloak)
rCorr   .          Rampage  .   (no gloves)
Will    .....                   (no boots)
Stlth   +.........              (no amulet)
HPRegen 0.08/turn               (no ring)
MPRegen 0.08/turn               (no ring)

@: no status effects
A: cold resistance 1, negative energy resistance 3, torment resistance 2, heat
vulnerability 1, no potions
a: Renounce Religion, Depart the Abyss


You were on level 1 of the Dungeon.
You worshipped Lugonu.
Lugonu was aware of your devotion.
You visited 1 branch of the dungeon, and saw 2 of its levels.
You visited the Abyss 1 time.

You collected 74 gold pieces.

Inventory:

Hand Weapons
 a - a +1 mace (weapon)
Armour
 b - a +0 leather armour (worn)
Scrolls
 c - a scroll of amnesia {unknown}
 d - a scroll of enchant armour {unknown}


   Skills:
 + Level 3.5 Fighting
 + Level 2.2 Maces & Flails
 - Level 1.5 Armour
 - Level 0.7 Dodging
 - Level 1.5 Invocations


You had one spell level left.
You didn't know any spells.
Your spell library was empty.

Dungeon Overview and Level Annotations

Branches:
Dungeon (2/15)

Altars:

Annotations:
D:2 Natasha


Innate Abilities, Weirdness & Mutations

You are immune to poison.
Your flesh is cold resistant. (rC+)
You are immune to negative energy. (rN+++)
You are immune to unholy pain and torment.
You are vulnerable to heat. (rF-)
You do not drink.


Message History

There is a stone staircase leading down here.
Done exploring.
Done exploring.
Done exploring.
No target in view!
There is a stone staircase leading down here.
You climb downwards.
Level annotation: Natasha The hobgoblin shouts!
You hear an angry hiss.
The hobgoblin throws a boomerang.
The boomerang hits you.
You hear a shout!
Found a dagger.
There is a stone staircase leading up here.
A hobgoblin comes into view.
Found a stone staircase leading down.
The hobgoblin misses you.
You hit the hobgoblin.
The hobgoblin is lightly wounded.
The hobgoblin misses you.
A frilled lizard comes into view.
The hobgoblin hits you with a +0 mace.
You hit the hobgoblin.
The hobgoblin is almost dead.
The hobgoblin hits you with a +0 mace!
* * * LOW HITPOINT WARNING * * *
A goblin comes into view. It is wielding a +0 dagger.
There is a stone staircase leading up here.
The hobgoblin misses you.
You climb upwards.
There is a stone staircase leading down here.
You closely miss the hobgoblin.
The hobgoblin is almost dead.
The hobgoblin hits you with a +0 mace!
* * * LOW HITPOINT WARNING * * *
You closely miss the hobgoblin.
The hobgoblin is almost dead.
The hobgoblin closely misses you. The hobgoblin barely misses you.
You barely miss the hobgoblin.
The hobgoblin is almost dead.
The hobgoblin hits you with a +0 mace.
You die...

####.##....#.##.#
#.# #.....
#.....######.##.#
#.# #.....
#............##.#
#.####.....
#.....#########.#
#.#........
#.....## #.#
#.#.##.#..[
#......# #.#
#.#.##.####
##.....#
#.######.#.##.....
#.....#
#.##.....#.#######
#.....#
#@##.....#.#.....(
#.....#
#.g......#.#.####.
#.....#
####.....#.#.# #.
#.....#
#.....#.#.# #.
#.....#
#.....#.#.####.
#.....#
#.....#.#....##
#.....#
#.....#.#....#
#.....#
#.....#.#....##
#######
#.....#........


You could see a hobgoblin.

Vanquished Creatures
  2 dart slugs (D:1)
  3 ball pythons (D:1)
  2 bats (D:1)
  An endoplasm (D:1)
  A goblin (D:1)
  3 hobgoblins (D:1)
  A frilled lizard (D:1)
  2 kobolds (D:1)
15 creatures vanquished.

Notes
Turn   | Place    | Note
-------+----------+-------------------------------------------
     0 | Abyss:1  | sizableburger the Mummy Abyssal Knight began the quest for
                  | the Orb.
     0 | Abyss:1  | Reached XP level 1. HP: 18/18 MP: 2/2
     7 | D:1      | Escaped the Abyss
   468 | D:2      | Noticed Natasha
   824 | D:1      | Reached XP level 2. HP: 22/24 MP: 3/3
  1366 | D:1      | HP: 1/24 [hobgoblin/+0 mace (7)]
  1368 | D:1      | Slain by a hobgoblin

Illustrated notes

Levels and vault maps discovered:
D:1:      amcnicky_arrival_flooded_fountain, layout_basic, minmay_box_of_dots
D:2:      layout_loops_ring, basic_altar, uniq_natasha

Skill      XL: |  1  2 |
---------------+-------+-----
Maces & Flails | 2 |  2.2
Fighting       | |  3.5
Armour         | |  1.5
Dodging        | |  0.7
Invocations    | |  1.5

Action                   || total
-------------------------++-------
Melee: Mace              ||    38
  Use: Scroll            ||     1
Armor: Leather armour    ||     5
Dodge: Dodged            ||    27
